 Dungeon Crawl Stone Soup version 0.28-a0-1555-g9ae15a6949 (webtiles) character file.

Game seed: 4504959723636640142

429062 Anon1729 the Executioner (level 22, -6/316 HPs)
             Began as a Minotaur Monk on Jan 17, 2022.
             Was the Champion of Qazlal.
             Mangled by a titan simulacrum (8 damage)
             ... on level 5 of the Vaults on Jan 18, 2022.
             The game lasted 01:39:20 (62618 turns).

Anon1729 the Executioner (Minotaur Monk)           Turns: 62618, Time: 01:39:21

Health: -6/316     AC: 36    Str: 35    XL:     22   Next: 80%
Magic:  35/35      EV: 12    Int:  7    God:    Qazlal [******]
Gold:   868        SH: 30    Dex: 28    Spells: 21/21 levels left

rFire   . . .      SeeInvis .   o - +9 war axe (vamp)
rCold   + + .      Faith    .   C - +1 kite shield {rF+}
rNeg    + + +      Spirit   .   W - +5 chain mail of Boiling Hail {rC+++ Int+4 Dex+4}
rPois   +          Reflect  +   Q - +1 hat
rElec   +          Harm     .   Z - +3 cloak "Bessum" {rPois Dex+4 Stlth-}
rCorr   +          Rampage  .   K - +2 pair of gloves
Will    ++...                   I - +2 pair of boots of Seun {Slay+3}
Stlth   ..........              T - amulet "Rotiwaw" {Reflect rF- Will+ Str+10 Int-2 SH+5}
HPRegen 0.62/turn               m - ring of Neesared {rElec rPois rCorr Int-2}
MPRegen 0.24/turn               R - ring "Meddef Vyone" {Fly rC- rN+++ Str-2 Dex+7}

@: berserking, silenced (expiring), marked, protected from physical damage,
flying, constricted, repel missiles, very quick
A: horns 2, retaliatory headbutt
}: 2/15 runes: serpentine, barnacled
a: Renounce Religion


You were on level 5 of the Vaults.
You worshipped Qazlal.
Qazlal was exalted by your worship.
You visited 7 branches of the dungeon, and saw 39 of its levels.
You visited 1 bazaar.
You also visited: Gauntlet, Ice Cave and Volcano.

You collected 5073 gold pieces.
You spent 4205 gold pieces at shops.

Inventory:

Hand Weapons
 o - a +9 vampiric war axe (weapon)
 J - the +3 Elemental Staff {rElec rF++ rC++ AC+5}
   (You took it off a wizard on level 3 of the Elven Halls)

   If the wielder is skilled in Evocations, they can discharge powerful blasts
   of elemental energy when striking with it.
   It enhances your fire, ice, earth and air magic.
   AC:        It affects your AC (+5).
   rF:        It greatly protects you from fire.
   rC:        It greatly protects you from cold.
   rElec:     It insulates you from electricity.
 U - a +5 broad axe of electrocution
Missiles
 f - 2 throwing nets (quivered)
Armour
 e - +0 storm dragon scales
 C - a +1 kite shield of fire resistance (worn)
 E - the +1 robe of Vines {NoPotionHeal Regen++++}
   (You bought it in a shop in a bazaar)

   Its wearer cannot be healed by potions.
   Regen:     It increases your rate of health regeneration.
 I - the +2 pair of boots of Seun (worn) {Slay+3}
   (You found it on level 10 of the Dungeon)

   Slay:      It affects your accuracy & damage with ranged weapons and melee
   (+3).
 K - a +2 pair of gloves (worn)
 L - a +2 kite shield of cold resistance
 Q - a +1 hat (worn)
 V - the +1 plate armour of Cloud Cover {rF+ SInv Stlth+}
   (You bought it in a shop on level 2 of the Vaults)

   rF:        It protects you from fire.
   SInv:      It lets you see invisible.
   Stlth:     It makes you more stealthy.
 W - the +5 chain mail of Boiling Hail (worn) {rC+++ Int+4 Dex+4}
   (You found it on level 3 of the Elven Halls)

   Int:       It affects your intelligence (+4).
   Dex:       It affects your dexterity (+4).
   rC:        It renders you almost immune to cold.
 Z - the +3 cloak "Bessum" (worn) {rPois Dex+4 Stlth-}
   (You acquired it on level 2 of the Snake Pit)

   Dex:       It affects your dexterity (+4).
   rPois:     It protects you from poison.
   Stlth:     It makes you less stealthy.
Jewellery
 m - the ring of Neesared (left hand) {rElec rPois rCorr Int-2}
   (You bought it in a shop on level 2 of the Orcish Mines)

   [ring of resist corrosion]

   Int:       It affects your intelligence (-2).
   rElec:     It insulates you from electricity.
   rPois:     It protects you from poison.
   rCorr:     It protects you from acid and corrosion.
 R - the ring "Meddef Vyone" (right hand) {Fly rC- rN+++ Str-2 Dex+7}
   (You found it in a Gauntlet)

   [ring of flight]

   Str:       It affects your strength (-2).
   Dex:       It affects your dexterity (+7).
   rC:        It makes you vulnerable to cold.
   rN:        It renders you almost immune to negative energy.
   Fly:       It grants you flight.
 T - the amulet "Rotiwaw" (around neck) {Reflect rF- Will+ Str+10 Int-2 SH+5}
   (You found it in a Gauntlet)

   [amulet of reflection]

   It reflects blocked missile attacks.
   Str:       It affects your strength (+10).
   Int:       It affects your intelligence (-2).
   rF:        It makes you vulnerable to fire.
   SH:        It affects your SH (+5).
   Will:      It increases your willpower.
Wands
 c - a wand of mindburst (28)
 p - a wand of iceblast (46)
 q - a wand of acid (2)
 v - a wand of paralysis (10)
 x - a wand of flame (12)
 D - a wand of digging (32)
Scrolls
 d - 7 scrolls of fear
 h - 7 scrolls of teleportation
 j - 8 scrolls of fog
 s - a scroll of blinking
 t - a scroll of torment
 y - 10 scrolls of vulnerability
 z - a scroll of brand weapon
 A - 2 scrolls of holy word
 G - 4 scrolls of summoning
 M - 9 scrolls of magic mapping
 O - 9 scrolls of immolation
 P - 6 scrolls of enchant armour
Potions
 b - 4 potions of brilliance
 g - 5 potions of cancellation
 i - 4 potions of attraction
 k - 3 potions of magic
 l - 6 potions of ambrosia
 n - 4 potions of flight
 r - 11 potions of mutation
 u - 9 potions of lignification
 w - 13 potions of curing
 F - 4 potions of haste
 N - a potion of berserk rage
 S - 2 potions of resistance
Miscellaneous
 a - a condenser vane (inert)
 X - a phial of floods
 Y - a tin of tremorstones (2/2)


   Skills:
 + Level 20.5 Fighting
 - Level 5.2 Long Blades
 + Level 22.2 Axes
 + Level 11.6 Staves
 + Level 20.0 Armour
 + Level 7.1 Dodging
 - Level 2.0 Stealth
 + Level 15.8 Shields
 * Level 21.9 Invocations
 + Level 10.3 Evocations


You had 21 spell levels left.
You didn't know any spells.
Your spell library contained the following spells:

 Spells                   Type           Power      Damage    Failure   Level
 Freeze                   Ice            0%         1d3       88%         1
 Sandblast                Erth           0%         2d4       88%         1
 Shock                    Conj/Air       0%         1d3       88%         1
 Slow                     Hex            0%         N/A       88%         1
 Summon Small Mammal      Summ           0%         N/A       88%         1
 Blink                    Tloc           0%         N/A       95%         2
 Call Imp                 Summ           0%         N/A       95%         2
 Corpse Rot               Necr/Air       0%         N/A       95%         2
 Ensorcelled Hibernation  Hex/Ice        0%         N/A       95%         2
 Passwall                 Tmut/Erth      0%         N/A       95%         2
 Poisonous Vapours        Pois/Air       0%         N/A       95%         2
 Static Discharge         Conj/Air       0%         N/A       95%         2
 Sublimation of Blood     Necr           0%         N/A       95%         2
 Wereblood                Tmut           0%         N/A       95%         2
 Call Canine Familiar     Summ           0%         N/A       99%         3
 Confusing Touch          Hex            0%         N/A       99%         3
 Dazzling Flash           Conj/Hex       0%         N/A       99%         3
 Frozen Ramparts          Ice            0%         1d2       99%         3
 Gell's Gravitas          Tloc           0%         N/A       99%         3
 Inner Flame              Hex/Fire       0%         N/A       99%         3
 Lesser Beckoning         Tloc           0%         N/A       99%         3
 Mephitic Cloud           Conj/Pois/Air  0%         N/A       99%         3
 Stone Arrow              Conj/Erth      0%         3d7       99%         3
 Summon Guardian Golem    Hex/Summ       0%         N/A       99%         3
 Swiftness                Air            0%         N/A       99%         3
 Teleport Other           Tloc           0%         N/A       99%         3
 Tukima's Dance           Hex            0%         N/A       99%         3
 Vampiric Draining        Necr           0%         2d6       99%         3
 Airstrike                Air            0%         N/A       100%        4
 Anguish                  Hex/Necr       0%         N/A       100%        4
 Animate Armour           Summ/Erth      0%         N/A       100%        4
 Animate Dead             Necr           0%         N/A       100%        4
 Cause Fear               Hex            0%         N/A       100%        4
 Dispel Undead            Necr           0%         3d6       100%        4
 Ice Form                 Ice/Tmut       0%         N/A       100%        4
 Iskenderun's Mystic Bla  Conj/Tloc      0%         2d3       100%        4
 Leda's Liquefaction      Hex/Erth       0%         N/A       100%        4
 Petrify                  Tmut/Erth      0%         N/A       100%        4
 Sticky Flame             Conj/Fire      0%         2d3       100%        4
 Summon Ice Beast         Ice/Summ       0%         N/A       100%        4
 Alistair's Intoxication  Tmut/Pois      0%         N/A       100%        5
 Borgnjor's Vile Clutch   Necr/Erth      0%         N/A       100%        5
 Excruciating Wounds      Necr           0%         N/A       100%        5
 Fireball                 Conj/Fire      0%         3d3       100%        5
 Freezing Cloud           Conj/Ice/Air   0%         6-21      100%        5
 Irradiate                Conj/Tmut      0%         3d13      100%        5
 Lightning Bolt           Conj/Air       0%         1d11      100%        5
 Manifold Assault         Tloc           0%         N/A       100%        5
 Metabolic Englaciation   Hex/Ice        0%         N/A       100%        5
 Summon Forest            Summ/Tloc      0%         N/A       100%        5
 Conjure Ball Lightning   Conj/Air       0%         3x3d6     100%        6
 Death Channel            Necr           0%         N/A       100%        6
 Dispersal                Tloc           0%         N/A       100%        6
 Eringya's Noxious Bog    Tmut/Pois      0%         N/A       100%        6
 Simulacrum               Ice/Necr       0%         N/A       100%        6
 Starburst                Conj/Fire      0%         6d3       100%        6
 Statue Form              Tmut/Erth      0%         N/A       100%        6
 Enfeeble                 Hex            0%         N/A       100%        7
 Haunt                    Necr/Summ      0%         N/A       100%        7
 Malign Gateway           Summ/Tloc      0%         N/A       100%        7
 Storm Form               Tmut/Air       0%         N/A       100%        7
 Summon Hydra             Summ           0%         N/A       100%        7
 Borgnjor's Revivificati  Necr           0%         N/A       100%        8
 Discord                  Hex            0%         N/A       100%        8
 Disjunction              Tloc           0%         N/A       100%        8
 Ignition                 Fire           0%         3d3       100%        8
 Infestation              Necr           0%         N/A       100%        8
 Lehudib's Crystal Spear  Conj/Erth      0%         10d2      100%        8
 Maxwell's Capacitive Co  Air            0%         ∞         100%        8
 Necromutation            Tmut/Necr      0%         N/A       100%        8
 Death's Door             Necr           0%         N/A       100%        9
 Polar Vortex             Ice            0%         N/A       100%        9


Dungeon Overview and Level Annotations

Branches:
Dungeon (15/15)            Temple (0/1) D:5            Lair (6/6) D:11
 Shoals (4/4) Lair:3        Snake (4/4) Lair:3        Slime (0/5) Lair:5
    Orc (2/2) D:11            Elf (3/3) Orc:2        Vaults (5/5) D:13
  Crypt (0/3) Vaults:3     Depths (0/4) D:15          IceCv (visited)
Volcano (visited)         Gauntlet (visited)

Altars:
Ashenzari
Cheibriados
Dithmenos
Gozag
Hepliaklqana
Makhleb
Okawaru
Qazlal
Ru
Sif Muna
Xom
Zin
Beogh
Jiyva

Shops:
D:1 ([[   D:2 ?   D:3 !*([   D:6 ?   Orc:2 *?=[[   Elf:3 *   Shoals:1 ?
Shoals:4 *   Snake:3 ?   Vaults:2 *   Vaults:3 [

Portals:
Pandemonium: Orc:2
Trove: Elf:1 (give +3 storm dragon scales)

Annotations:
D:10 2 runed translucent doors, p0werm0de's ghost, journeyman DDCK
D:15 3 runed translucent doors, Lautuvuj's ghost, journeyman DrBe
Lair:2 3 runed translucent doors, Buheuvah's ghost, journeyman MiFi
Lair:5 2 transporters, Roas's ghost, journeyman DrCj
Elf:2 3 runed translucent doors, exclusion: 3 doors


Innate Abilities, Weirdness & Mutations

You have a pair of horns on your head.
You reflexively headbutt those who attack you in melee.


Message History

You feel yourself moving faster!
You feel mighty!
The ancient lich touches you but does no damage.
The titan is engulfed in poison gas.
The titan looks even sicker.
The ironbound preserver is engulfed in poison gas.
The ironbound preserver looks even sicker.
The yaktaur captain is engulfed in poison gas.
The yaktaur captain looks even sicker.
The yaktaur captain shoots a bolt.
You reflect the bolt off an invisible shield around you!
The bolt hits the tentacled monstrosity!!
The hell knight is engulfed in poison gas.
The hell knight is poisoned.
The orc sorcerer is engulfed in poison gas.
The orc sorcerer looks even sicker.
The orc sorcerer casts a spell.
You block the tentacled monstrosity's attack. x3
The tentacled monstrosity constricts you.
* * * LOW HITPOINT WARNING * * *
The white very ugly thing tail-slaps you but does no damage.
The storm dragon is engulfed in poison gas.
The storm dragon looks even sicker.
The orc is engulfed in poison gas.
The orc is poisoned.
You kill the orc!
Qazlal accepts your kill.
The frost giant looks even sicker.
The fire giant misses you. You furiously retaliate!
You headbutt the fire giant!
The cyan very ugly thing is engulfed in poison gas.
The cyan very ugly thing looks even sicker.
The stone giant looks even sicker.
The yaktaur captain is engulfed in poison gas.
The yaktaur captain is poisoned.
The vault guard is struck by lightning.
The vault guard hits you from afar with a +0 bardiche!
* * * LOW HITPOINT WARNING * * *
Your resistance to cold fades away.
You feel protected from physical attacks.
The orc priest is engulfed in poison gas.
The orc priest looks even sicker.
You kill the orc priest!
Qazlal accepts your kill. The titan simulacrum hits you!
You die...

#..#....# # ##..#....#.##
...#§§§§#..# .§§§§§§....
##################ou§§§§..##
.....)))))....§§°cCZ9.......
.....†)).(....§C§XppW<<.....
........).....§{@Lppo§.<....
..............§°ZuDD§§§§....
##################pDC§c§..##
.ZoC3§§§.... ###.#§...#..D
.C#....# .. ##.#....# .
..#....#


You could see 2 shadow dragons, a tentacled monstrosity, an ironbound preserver
(very poisoned), a titan (very poisoned), an ancient lich (fast), a storm dragon
(very poisoned), a frost giant (very poisoned), 2 very ugly things, a fire
giant, a stone giant (very poisoned), 2 vault wardens, 2 yaktaur captains, a
vault guard, an orc knight (poisoned), a hell knight (poisoned), a sun demon
(summoned), a war gargoyle, a phantasmal warrior, an orc sorcerer (very
poisoned), an orc warrior, a titan simulacrum and an ironbound convoker
simulacrum.

Vanquished Creatures
  A dread lich (Vaults:4)
  An ancient lich (Vaults:5)
  Mennas (Vaults:2)
  A golden dragon (Vaults:5)
  3 tentacled monstrosities
  4 titans (Vaults:5)
  2 deep elf blademasters
  Asterion (Elf:1)
  2 deep elf master archers (Elf:3)
  2 sphinxes (Vaults:5)
  Gastronok (D:7)
  Kirke (D:14)
  3 storm dragons (Vaults:5)
  2 nagarajas
  3 tengu reavers
  Donald (Vaults:4)
  6 wizards
  3 fire giants
  A frost giant (Vaults:5)
  An iron dragon (Vaults:3)
  6 deep elf sorcerers
  13 vault wardens
  Aizul (Snake:1)
  5 orc warlords
  13 ironbound preservers
  3 war gargoyles
  10 deep elf elementalists
  12 very ugly things
  10 ironbound thunderhulks
  4 stone giants
  5 deep elf demonologists
  Nessos (Lair:5)
  A vampire knight (Vaults:3)
  A minotaur (Gauntlet)
  A red draconian (Volcano)
  9 dire elephants
  2 entropy weavers
  9 deep elf annihilators
  5 merfolk javelineers (Shoals:4)
  2 ettins
  6 deep elf death magi
  Josephine (D:10)
  A fire dragon (D:14)
  6 merfolk impalers
  A great orb of eyes (shapeshifter) (Vaults:5)
  13 yaktaur captains
  7 boulder beetles
  3 deep elf high priests
  6 salamander tyrants
  32 vault guards
  2 demonspawn (Orc:2)
  9 hydras
  Fannar (D:10)
  A peacekeeper (Vaults:4)
  2 alligator snapping turtles (Shoals:4)
  17 centaur warriors
  10 naga warriors
  2 ogre magi
  2 death knights
  3 merfolk avatars
  9 anacondas
  11 ironbound frosthearts
  6 merfolk aquamancers
  28 dancing weapons
  19 two-headed ogres
  3 death yaks (D:11)
  9 naga sharpshooters
  2 satyrs
  4 tengu warriors
  5 orc high priests (Orc:2)
  Urug (D:10)
  11 shock serpents
  Sonja (Orc:1)
  23 deep elf knights
  A soul eater (Orc:2)
  14 sea snakes
  A deep troll (shapeshifter) (Vaults:3)
  A kraken simulacrum (Shoals:4)
  35 deep trolls
  A death drake (Gauntlet)
  9 salamander mystics
  2 flayed ghosts (Vaults:5)
  7 naga ritualists
  5 lindwurms
  11 ironbound convokers
  A phantasmal warrior (Vaults:3)
  A golden dragon skeleton (Vaults:4)
  14 deep elf archers
  2 tengu zombies
  A lindwurm (shapeshifter) (Vaults:5)
  33 deep elf pyromancers
  44 deep elf zephyrmancers
  8 orc sorcerers
  An oklob plant (Gauntlet)
  18 orc knights
  21 harpies
  34 ugly things
  7 cyclopes
  7 necromancers
  10 mana vipers
  4 fauns (Shoals:2)
  A salamander (shapeshifter) (D:15)
  13 manticores
  A frost giant zombie (Vaults:3)
  29 salamanders
  2 stone giant skeletons
  An ice statue (IceCv)
  15 elephants
  22 vault sentinels
  A fire giant skeleton (Vaults:3)
  A spectral centaur (Gauntlet)
  13 merfolk sirens
  6 guardian serpents
  An eye of devastation (shapeshifter) (D:13)
  An elephant (shapeshifter) (Elf:2)
  5 water nymphs
  Maurice (D:7)
  18 naga magi
  A torpor snail (shapeshifter) (D:9)
  36 black mambas
  2 rust devils
  9 cane toads
  2 yaktaur zombies (Vaults:4)
  2 gargoyles
  3 rime drakes
  32 yaktaurs
  A kobold demonologist (D:14)
  4 entropy weaver simulacra (IceCv)
  7 freezing wraiths
  An anaconda simulacrum (IceCv)
  13 komodo dragons
  13 ice devils
  An efreet (D:14)
  A tengu conjurer (D:13)
  31 merfolk
  A queen bee (Lair:1)
  3 polar bears (Lair:6)
  A yaktaur skeleton (Vaults:4)
  7 trolls
  A tengu simulacrum (Vaults:3)
  12 wind drakes
  A meliai (shapeshifter) (Elf:2)
  3 hornets (Lair:6)
  12 snapping turtles
  8 blink frogs (Lair:3)
  22 slime creatures
  A harpy skeleton (D:15)
  15 dream sheep (Lair:6)
  2 human simulacra (Vaults:3)
  A fire giant simulacrum (Vaults:4)
  A meliai zombie (D:10)
  4 centaur simulacra
  A jumping spider (Vaults:2)
  An air elemental (Elf:2)
  A ynoxinul (Gauntlet)
  12 water elementals
  12 spriggans (Lair:6)
  5 wraiths
  A human (D:14)
  3 wyverns
  4 fire elementals
  A hog (shapeshifter) (D:14)
  8 basilisks
  3 vampires (Vaults:3)
  2 dire elephant simulacra (IceCv)
  36 yaks
  4 hogs (D:14)
  3 steam dragons
  18 vampire mosquitoes
  A chaos spawn (Orc:2)
  5 death yak simulacra
  2 redbacks (Vaults:2)
  A harpy simulacrum (IceCv)
  3 wargs
  45 nagas
  5 acid dragons
  14 water moccasins
  A spectral hornet (Gauntlet)
  4 sky beasts
  2 ice beasts (D:5)
  38 orc warriors
  7 black bears
  A human zombie (Vaults:4)
  7 necrophages
  4 ogres
  39 wolves
  18 centaurs
  4 boggarts (Lair:6)
  2 kobold brigands
  3 two-headed ogre simulacra
  10 bullfrogs
  A gnoll sergeant (D:10)
  6 cane toad simulacra (IceCv)
  A wyvern zombie (D:6)
  3 earth elementals
  3 scorpions
  A glowing shapeshifter simulacrum (Vaults:3)
  A hornet simulacrum (D:13)
  A wyvern skeleton (D:6)
  4 elephant simulacra (IceCv)
  19 killer bees (Lair:1)
  4 electric eels
  10 wights (D:10)
  9 howler monkeys
  12 centaur zombies
  3 hounds (D:6)
  30 orc priests
  4 iron imps (Gauntlet)
  A bullfrog skeleton (D:5)
  4 iguanas
  13 hell rats
  30 orc wizards
  6 spriggan simulacra
  2 troll simulacra (D:12)
  A polar bear simulacrum (IceCv)
  5 wolf simulacra (IceCv)
  A mummy (D:10)
  A howler monkey zombie (D:9)
  10 gnolls
  7 adders
  A howler monkey skeleton (D:7)
  A naga simulacrum (IceCv)
  3 river rats (D:11)
  2 shadow imps
  A white imp (D:7)
  An ufetubus (IceCv)
  A worm (D:4)
  3 dart slugs
  97 orcs
  6 ball pythons
  4 bats
  10 endoplasms
  A giant cockroach (D:2)
  13 goblins
  3 hobgoblins
  3 jackals (D:3)
  A quokka (D:3)
  6 frilled lizards
  19 kobolds
  7 rats
  2 bushes (D:9)
1797 creatures vanquished.

Vanquished Creatures (collateral kills)
  2 quicksilver dragons (Snake:4)
2 creatures vanquished.

Vanquished Creatures (others)
  An ancient lich (Vaults:5)
  2 fire giants
  2 deep elf annihilators
  A deep elf knight (Elf:2)
  A sea snake (Shoals:4)
  2 deep elf pyromancers (Elf:1)
  An ugly thing (D:15)
  2 manticores (Shoals:4)
  A merfolk (Shoals:4)
  A jelly (D:7)
  An orc priest (Orc:2)
  An orc (D:10)
  A bush (D:9)
  40 fungi
  40 plants
  3 tentacles (Shoals:4)
  30 withered plants
130 creatures vanquished.

Grand Total: 1929 creatures vanquished

Notes
Turn   | Place    | Note
-------+----------+-------------------------------------------
     0 | D:1      | Anon1729 the Minotaur Monk began the quest for the Orb.
     0 | D:1      | Reached XP level 1. HP: 19/19 MP: 0/0
    10 | D:1      | Found Bugyan's Antique Armour Shop.
   138 | D:1      | Reached XP level 2. HP: 12/27 MP: 1/1
   380 | D:1      | Found Xoul's Armour Emporium.
   523 | D:1      | Found Riapoefa's Weapon Boutique.
   840 | D:1      | Reached skill level 1 in Armour
   840 | D:1      | Reached XP level 3. HP: 33/33 MP: 2/2
  1308 | D:2      | Found Ocuwunny's Magic Scroll Emporium.
  1411 | D:2      | Reached XP level 4. HP: 14/41 MP: 3/3
  2254 | D:3      | Noticed a scorpion
  2280 | D:3      | Noticed a scorpion
  2295 | D:2      | Killed a scorpion
  2296 | D:2      | Reached XP level 5. HP: 9/47 MP: 4/4
  2522 | D:3      | Found Miutuoca's General Store.
  2526 | D:3      | Reached skill level 5 in Fighting
  2537 | D:3      | Bought a scroll of identify for 20 gold pieces
  2537 | D:3      | Bought a scroll of teleportation for 30 gold pieces
  2567 | D:3      | Reached skill level 5 in Long Blades
  2586 | D:3      | Found Bela's Distillery.
  2666 | D:3      | Found a faded altar of an unknown god.
  2679 | D:3      | Prayed at the altar of an unknown god.
  2679 | D:3      | Became a worshipper of Qazlal Stormbringer
  2679 | D:3      | Reached * piety under Qazlal
  2679 | D:3      | Reached ** piety under Qazlal
  2916 | D:3      | Reached XP level 6. HP: 56/56 MP: 5/5
  2918 | D:3      | Found Vehoikh's Antique Weapon Shoppe.
  2925 | D:3      | Found Xammeugh's Armour Emporium.
  2928 | D:3      | Reached *** piety under Qazlal
  2994 | D:3      | Found a faded altar of an unknown god.
  3005 | D:3      | Found a hazy altar of Hepliaklqana.
  3929 | D:5      | Entered Level 5 of the Dungeon
  4386 | D:5      | Reached skill level 5 in Armour
  4386 | D:5      | Reached XP level 7. HP: 62/64 MP: 6/6
  4434 | D:5      | Found a staircase to the Ecumenical Temple.
  4779 | D:5      | Found a glowing silver altar of Zin.
  5026 | D:6      | Reached XP level 8. HP: 46/75 MP: 7/7
  5410 | D:6      | Found Kisigh's Magic Scroll Shop.
  5413 | D:6      | Bought a scroll of blinking for 90 gold pieces
  5413 | D:6      | Bought a scroll of fog for 24 gold pieces
  5413 | D:6      | Bought a scroll of teleportation for 36 gold pieces
  6280 | D:7      | Reached skill level 1 in Invocations
  6521 | D:7      | Reached XP level 9. HP: 26/85 MP: 10/10
  6523 | D:7      | HP: 4/85 [centaur (2)]
  6868 | D:7      | Reached skill level 10 in Fighting
  7213 | D:7      | Reached **** piety under Qazlal
  7481 | D:8      | Found a runed translucent door.
  7569 | D:8      | Reached skill level 5 in Invocations
  7659 | D:8      | Noticed a two-headed ogre
  7858 | D:7      | Killed a two-headed ogre
  7988 | D:8      | Noticed Maurice
  8021 | D:7      | Killed Maurice
  8022 | D:7      | Reached skill level 10 in Armour
  8307 | D:8      | Found a sacrificial altar of Ru.
  8310 | D:8      | Found an opulent altar of Gozag.
  8408 | D:8      | Found a burning altar of Makhleb.
  8422 | D:8      | Found a shimmering altar of Xom.
  8536 | D:8      | Noticed Gastronok
  9808 | D:8      | Reached skill level 1 in Axes
  9808 | D:8      | Reached XP level 10. HP: 77/94 MP: 14/14
 10022 | D:9      | Reached skill level 2 in Axes
 10309 | D:8      | Reached skill level 3 in Axes
 10448 | D:9      | Found a snail-covered altar of Cheibriados.
 10483 | D:9      | Noticed a two-headed ogre
 10856 | D:9      | Killed a two-headed ogre
 10857 | D:9      | Reached skill level 4 in Axes
 11397 | D:9      | Reached skill level 5 in Axes
 11703 | D:9      | Noticed a death knight
 11704 | D:9      | Noticed a guardian serpent
 11704 | D:9      | Noticed a centaur warrior
 11718 | D:9      | Killed a centaur warrior
 12022 | D:9      | Noticed a shining eye
 12029 | D:9      | a shining eye changed into a slime creature
 12035 | D:9      | Noticed a torpor snail
 12035 | D:9      | a slime creature changed into a torpor snail
 12043 | D:9      | Killed a torpor snail
 12044 | D:9      | Reached skill level 6 in Axes
 12243 | D:9      | Noticed a deep troll
 12264 | D:9      | Killed a deep troll
 12265 | D:9      | Reached XP level 11. HP: 33/104 MP: 16/16
 12536 | D:9      | Noticed a six-headed hydra
 12539 | D:9      | Noticed a four-headed hydra
 12955 | D:9      | Got the Compendium of the Gliding Frostbite
 13485 | D:10     | Entered Level 10 of the Dungeon
 13665 | D:10     | Noticed Urug
 13675 | D:10     | Killed Urug
 13680 | D:10     | Noticed p0werm0de's ghost (journeyman DDCK)
 13727 | D:10     | Reached skill level 7 in Axes
 13727 | D:10     | Noticed a two-headed ogre
 13743 | D:10     | Killed a two-headed ogre
 13979 | D:10     | Noticed a two-headed ogre
 13992 | D:10     | Killed a two-headed ogre
 13996 | D:10     | Paralysed by a wight for 4 turns
 14050 | D:10     | Reached skill level 8 in Axes
 14383 | D:10     | Noticed Josephine
 14389 | D:10     | Killed Josephine
 14433 | D:10     | Noticed Fannar
 14466 | D:10     | Killed Fannar
 14467 | D:10     | Reached skill level 10 in Invocations
 14506 | D:10     | Identified the +2 pair of boots of Seun {Slay+3}
 14708 | D:10     | Reached skill level 9 in Axes
 14904 | D:10     | Noticed a deep elf high priest
 14905 | D:10     | Noticed a lich
 14906 | D:10     | Noticed a skeletal warrior
 14906 | D:10     | Noticed a necromancer
 14907 | D:10     | Noticed a deep elf archer
 14907 | D:10     | Noticed a skeletal warrior
 14908 | D:10     | Noticed a skeletal warrior
 14929 | D:10     | Found a runed translucent door.
 14941 | D:10     | Found a runed translucent door.
 15172 | D:10     | Reached ***** piety under Qazlal
 15291 | D:10     | Found an iron altar of Okawaru.
 15554 | D:11     | Reached XP level 12. HP: 113/113 MP: 18/18
 15560 | D:11     | Noticed a two-headed ogre
 15570 | D:11     | Killed a two-headed ogre
 16077 | D:11     | Noticed a two-headed ogre
 16081 | D:11     | Killed a two-headed ogre
 16086 | D:11     | Reached skill level 10 in Axes
 16224 | D:11     | Noticed a death yak
 16225 | D:11     | Noticed a death yak
 16226 | D:11     | Noticed a death yak
 16244 | D:11     | Killed a death yak
 16253 | D:11     | Killed a death yak
 16254 | D:11     | Killed a death yak
 16467 | D:11     | Found a staircase to the Lair.
 16780 | D:11     | Found a staircase to the Orcish Mines.
 16936 | D:11     | Noticed a boulder beetle
 17027 | D:11     | Killed a boulder beetle
 17207 | D:11     | Upgraded the game from 0.28-a0-1520-gc3277d3759 to
                  | 0.28-a0-1555-g9ae15a6949
 17259 | D:12     | Reached skill level 11 in Axes
 17260 | D:12     | Noticed a boulder beetle
 17289 | D:12     | Killed a boulder beetle
 17561 | D:12     | Noticed a two-headed ogre
 17561 | D:12     | Noticed a boulder beetle
 17570 | D:12     | Killed a two-headed ogre
 17584 | D:12     | Killed a boulder beetle
 17673 | D:12     | Noticed a seven-headed hydra
 17680 | D:12     | Killed a seven-headed hydra
 17824 | D:12     | Found a frozen archway.
 17886 | IceCv    | Entered an ice cave
 17897 | IceCv    | Reached XP level 13. HP: 48/122 MP: 21/21
 18192 | IceCv    | Reached skill level 12 in Axes
 18880 | IceCv    | Found an ancient bone altar of Kikubaaqudgha.
 18967 | IceCv    | Reached ****** piety under Qazlal
 19674 | IceCv    | Got Sif Muna's Grimoire of Dark Ice
 20603 | D:13     | Reached skill level 1 in Shields
 20613 | D:13     | Reached skill level 13 in Axes
 20781 | D:13     | Found a gate leading to a gauntlet.
 20790 | Gauntlet | Entered a Gauntlet
 20790 | Gauntlet | Found a transporter.
 20801 | Gauntlet | Found a transporter.
 21101 | Gauntlet | Found a transporter.
 21106 | Gauntlet | Found a transporter.
 21109 | Gauntlet | Noticed a balrug
 21121 | Gauntlet | Found a transporter.
 21140 | Gauntlet | Found a transporter.
 21152 | Gauntlet | Found a transporter.
 21164 | Gauntlet | Found a transporter.
 21176 | Gauntlet | Found a transporter.
 21182 | Gauntlet | Found a transporter.
 21182 | Gauntlet | Found a transporter.
 21197 | Gauntlet | Found a transporter.
 21203 | Gauntlet | Found a transporter.
 21242 | Gauntlet | Found a transporter.
 21269 | Gauntlet | Found a transporter.
 21269 | Gauntlet | Found a transporter.
 21289 | Gauntlet | Found a transporter.
 21291 | Gauntlet | Found a transporter.
 21631 | Gauntlet | Identified the ring "Meddef Vyone" {Fly rC- rN+++ Str-2
                  | Dex+7}
 21687 | Gauntlet | Identified the amulet "Rotiwaw" {Reflect rF- Will+ Str+10
                  | Int-2 SH+5}
 22053 | Gauntlet | Noticed a minotaur
 22069 | Gauntlet | Killed a minotaur
 22728 | D:13     | Reached XP level 14. HP: 125/133 MP: 23/23
 23014 | D:14     | Reached skill level 14 in Axes
 23326 | D:14     | Noticed Kirke
 23341 | D:14     | Noticed a sphinx
 23349 | D:14     | Killed Kirke
 23836 | D:14     | Reached skill level 5 in Shields
 24215 | D:15     | Entered Level 15 of the Dungeon
 24245 | D:15     | Reached skill level 15 in Fighting
 24252 | D:15     | Reached skill level 15 in Axes
 25037 | D:15     | Noticed Lautuvuj's ghost (journeyman DrBe)
 25056 | D:15     | Found a runed translucent gate.
 25056 | D:15     | Found a runed translucent gate.
 25056 | D:15     | Found a runed translucent gate.
 25235 | D:15     | Found a shadowy altar of Dithmenos.
 25283 | D:15     | Found a broken altar of Ashenzari.
 25953 | D:15     | Reached XP level 15. HP: 117/141 MP: 24/24
 26403 | D:15     | Found a staircase to the Depths.
 27195 | D:13     | Found a gate to the Vaults.
 27538 | Lair:1   | Entered Level 1 of the Lair of Beasts
 27591 | Orc:1    | Entered Level 1 of the Orcish Mines
 27604 | Orc:1    | Reached skill level 15 in Invocations
 27722 | Orc:2    | Entered Level 2 of the Orcish Mines
 27722 | Orc:2    | Found Emu Iwel's Antique Armour Boutique.
 27728 | Orc:2    | Noticed Sonja
 27816 | Orc:1    | Killed Sonja
 28125 | Orc:2    | Reached skill level 16 in Axes
 28675 | Orc:2    | Found Seruinaq's Magic Scroll Boutique.
 28677 | Orc:2    | Found Cagunuan's General Store.
 28717 | Orc:2    | Reached skill level 15 in Armour
 28863 | Orc:2    | Bought a scroll of silence for 112 gold pieces
 28863 | Orc:2    | Bought a scroll of identify for 30 gold pieces
 28863 | Orc:2    | Bought a scroll of identify for 30 gold pieces
 28863 | Orc:2    | Bought a scroll of fog for 30 gold pieces
 28863 | Orc:2    | Bought a scroll of fog for 30 gold pieces
 28865 | Orc:2    | Bought a potion of degeneration for 11 gold pieces
 29910 | Orc:2    | Found Niatezus's Antique Armour Emporium.
 29910 | Orc:2    | Found Liahun's Jewellery Shoppe.
 29911 | Orc:2    | Found a one-way gate leading to the halls of Pandemonium.
 30045 | Orc:2    | Found a staircase to the Elven Halls.
 30302 | Orc:2    | Bought the ring of Neesared {rElec rPois rCorr Int-2} for
                  | 510 gold pieces
 31823 | Lair:2   | Noticed Buheuvah's ghost (journeyman MiFi)
 31830 | Lair:2   | Found a runed translucent gate.
 31830 | Lair:2   | Found a runed translucent gate.
 31841 | Lair:2   | Found a runed translucent gate.
 32601 | Lair:3   | Reached XP level 16. HP: 133/151 MP: 26/26
 32606 | Lair:3   | Reached skill level 17 in Axes
 32974 | Lair:3   | Found a staircase to the Snake Pit.
 33078 | Lair:3   | Found a staircase to the Shoals.
 34253 | Lair:5   | Found a dark tunnel.
 34328 | Volcano  | Entered a volcano
 34699 | Lair:5   | Found a viscous altar of Jiyva.
 34699 | Lair:5   | Found a staircase to the Slime Pits.
 34778 | Lair:5   | Noticed Nessos
 34784 | Lair:5   | Noticed Roas's ghost (journeyman DrCj)
 34788 | Lair:5   | Killed Nessos
 34916 | Lair:5   | Found a transporter.
 35259 | Lair:5   | Found a transporter.
 35356 | Lair:6   | Entered Level 6 of the Lair of Beasts
 35886 | Lair:6   | Reached skill level 1 in Evocations
 36436 | Lair:6   | Reached skill level 18 in Axes
 37108 | D:7      | Killed Gastronok
 37202 | D:3      | Bought a glowing war axe for 175 gold pieces
 37629 | Elf:1    | Entered Level 1 of the Elven Halls
 38129 | Elf:1    | Reached XP level 17. HP: 122/160 MP: 28/28
 38172 | Elf:1    | Noticed Asterion
 38184 | Elf:1    | Killed Asterion
 38185 | Elf:1    | Reached skill level 10 in Shields
 38432 | Elf:1    | Got the Tome of Supportive Battle Magic
 38964 | Elf:1    | Found a portal to a secret trove of treasure.
 39319 | Elf:2    | Found a shimmering blue altar of Sif Muna.
 39853 | Elf:2    | Found a runed translucent gate.
 39853 | Elf:2    | Found a runed translucent gate.
 39859 | Elf:2    | Found a runed translucent gate.
 40201 | Elf:2    | Reached skill level 19 in Axes
 41045 | Elf:3    | Entered Level 3 of the Elven Halls
 41406 | Elf:2    | Paralysed by an air elemental for 1 turns
 41904 | Elf:3    | Reached XP level 18. HP: 159/170 MP: 29/29
 42058 | Elf:3    | Found Famulyw's General Store.
 42066 | Elf:3    | Bought a potion of heal wounds for 100 gold pieces
 42066 | Elf:3    | Bought a potion of curing for 60 gold pieces
 42507 | Elf:3    | Reached skill level 1 in Staves
 42946 | Elf:2    | Reached skill level 5 in Evocations
 43825 | Elf:3    | Noticed an Ice Fiend
 44115 | Elf:3    | Noticed an Ice Fiend
 44545 | Elf:3    | Identified the amulet of Eddahol {RegenMP Rampage Str-4
                  | Slay+2}
 44957 | Elf:3    | Identified the +3 spear "Zimodixebie" {pain, Str+2}
 45069 | Elf:3    | Got Udelio Ustea's Collected Works on Glamour and Stolen
                  | Souls
 45073 | Elf:3    | Identified the +1 plate armour of Doucliw {Will- Int+6
                  | Dex+2}
 45084 | Elf:3    | Identified the +5 chain mail of Boiling Hail {rC+++ Int+4
                  | Dex+4}
 45118 | Elf:3    | Identified the +7 quarterstaff "Elutoeso" {flame, Will+
                  | Dex+2}
 45130 | Elf:3    | Identified the +3 helmet of Qonunnua {rN+ rCorr}
 45136 | Elf:3    | Identified the +0 scale mail of the Arcane {-Cast rC- Dex+6
                  | Slay+4 SInv}
 45662 | Snake:1  | Entered Level 1 of the Snake Pit
 45663 | Snake:1  | Noticed Aizul
 45674 | Snake:1  | Killed Aizul
 46110 | Snake:1  | Reached skill level 20 in Axes
 47146 | Snake:2  | Identified a scroll of acquirement
 47576 | Snake:2  | Reached XP level 19. HP: 139/179 MP: 31/31
 47984 | Snake:2  | Reached skill level 5 in Staves
 48074 | Snake:2  | Got the Almanac of the Four Underlurkers
 48171 | Snake:2  | Acquired the +3 cloak "Bessum" {rPois Dex+4 Stlth-}
 48212 | Snake:3  | Found a runed translucent door.
 49291 | Snake:3  | Found Miroih's Magic Scroll Boutique.
 49299 | Snake:3  | Bought a scroll of fog for 24 gold pieces
 49299 | Snake:3  | Bought a scroll of fog for 24 gold pieces
 49299 | Snake:3  | Bought a scroll of immolation for 42 gold pieces
 49299 | Snake:3  | Bought a scroll of immolation for 42 gold pieces
 49299 | Snake:3  | Bought a scroll of teleportation for 36 gold pieces
 49382 | Snake:4  | Entered Level 4 of the Snake Pit
 50174 | Snake:4  | HP: 4/180 [quicksilver dragon/bolt of dispelling energy
                  | (34)]
 51425 | Snake:4  | Got a serpentine rune of Zot
 51746 | Shoals:1 | Entered Level 1 of the Shoals
 51913 | Shoals:1 | Found Awulity's Magic Scroll Shop.
 51939 | Shoals:1 | Bought a scroll of teleportation for 57 gold pieces
 51939 | Shoals:1 | Bought a scroll of enchant weapon for 142 gold pieces
 51939 | Shoals:1 | Bought a scroll of blinking for 142 gold pieces
 53292 | Shoals:2 | Reached XP level 20. HP: 176/189 MP: 32/32
 54398 | Shoals:4 | Entered Level 4 of the Shoals
 55524 | Shoals:4 | Found Fuxas's General Store.
 55532 | Shoals:4 | Bought a potion of haste for 220 gold pieces
 55911 | Shoals:4 | Identified the +0 robe of the Shore {+Inv Regen+ Str+4
                  | Slay+2}
 55996 | Shoals:4 | Got a barnacled rune of Zot
 56376 | Vaults:1 | Entered Level 1 of the Vaults
 56390 | Vaults:1 | Reached skill level 21 in Axes
 57448 | Vaults:1 | Identified the +3 long sword "Fytuol" {vorpal, rElec rC+
                  | Str+4 Int-4}
 57542 | Vaults:2 | Noticed Mennas
 57576 | Vaults:2 | Killed Mennas
 58482 | Vaults:2 | Found Kumu Raris's Assorted Antiques.
 58491 | Vaults:2 | Bought a masterwork plate armour for 1148 gold pieces
 58491 | Vaults:2 | Identified the +1 plate armour of Cloud Cover {rF+ SInv
                  | Stlth+} (You bought it in a shop on level 2 of the Vaults)
 58542 | Vaults:2 | Reached XP level 21. HP: 199/199 MP: 34/34
 59463 | Vaults:3 | Reached skill level 10 in Staves
 59741 | Vaults:3 | Found a staircase to the Crypt.
 60277 | Vaults:3 | Found Mios's Antique Armour Boutique.
 60848 | Vaults:4 | Reached skill level 5 in Dodging
 60849 | Vaults:4 | Reached skill level 15 in Shields
 61312 | Vaults:4 | Reached XP level 22. HP: 209/209 MP: 35/35
 61352 | Vaults:4 | Found a gateway to a bazaar.
 61846 | Vaults:4 | Identified the +1 kite shield of Kahusili {rC- Slay+2 SInv}
 61846 | Vaults:4 | Noticed Donald
 61854 | Vaults:4 | Killed Donald
 62214 | Bazaar   | Entered a bazaar
 62214 | Bazaar   | Found Zysiesix's Antique Weapon Emporium.
 62214 | Bazaar   | Found Wetzaoh's Book Shoppe.
 62214 | Bazaar   | Found Recewk's Antique Armour Shoppe.
 62214 | Bazaar   | Found Kyfor's Armour Emporium.
 62230 | Bazaar   | Bought the +1 robe of Vines {NoPotionHeal Regen++++} for
                  | 1040 gold pieces
 62230 | Bazaar   | Found the +1 robe of Vines {NoPotionHeal Regen++++}
 62275 | Vaults:5 | Entered Level 5 of the Vaults
 62284 | Vaults:5 | Noticed a dread lich
 62392 | Vaults:4 | Killed a dread lich
 62393 | Vaults:4 | Reached skill level 22 in Axes
 62473 | Vaults:5 | Noticed an ancient lich
 62474 | Vaults:5 | Noticed a golden dragon
 62486 | Vaults:5 | Reached skill level 10 in Evocations
 62495 | Vaults:5 | Killed an ancient lich
 62523 | Vaults:5 | Killed a golden dragon
 62590 | Vaults:5 | Noticed an ancient lich
 62593 | Vaults:5 | Noticed an ancient lich
 62598 | Vaults:5 | Noticed an ancient lich
 62610 | Vaults:5 | Identified the amulet "Ifaec" {Faith rPois rN+ Int-5}
 62615 | Vaults:5 | Killed an ancient lich
 62618 | Vaults:5 | HP: 2/316 [vault guard (15)]
 62618 | Vaults:5 | Mangled by a titan simulacrum

Illustrated notes

Levels and vault maps discovered:
D:1:      dpeg_arrival_rooms_b, layout_loops_ring, serial_shops,
          nicolae_shop_stone, nicolae_shop_advertising_works
          [nicolae_subvault_shop_adworks], shop, nicolae_grassy_gnolls
D:2:      layout_loops_ring, serial_shops, shop
D:3:      layout_rooms, beargit_hepliaklqana_dungeon_heroes, serial_shops,
          nicolae_square_shop, nicolae_square_shop, shop, shop,
          hellmonk_ecumenical_altar_blasted
D:4:      layout_layer_cave
D:5:      layout_rooms, zin_statuary, minmay_temple_entry_sparse_star
D:6:      layout_basic, serial_shops, kennysheep_mini_moat,
          nicolae_fountain_basement
D:7:      layout_loops_ring
D:8:      layout_basic, grunt_temple_overflow_cloverleaf, interstate_on_off,
          lightli_church_of_beogh, uniq_gastronok, uniq_maurice
D:9:      minmay_shrinking_squares, layout_loops_corners,
          lemuel_coloured_pillars_altar, cheibriados_altar_1,
          amcnicky_mini_rare_corridor_liquid, minmay_hedge_maze
D:10:     layout_long_grid, kennysheep_okawaru_gauntlet,
          muffindrake_ghost_dual_entry, serial_undead, serial_undead_e,
          serial_undead_f, serial_undead_e, serial_undead_a, serial_undead_a,
          serial_undead_c, serial_undead_f, serial_undead_f, serial_undead_b,
          serial_undead_e, uniq_urug, uniq_fannar, uniq_josephine
D:11:     layout_basic, dpeg_lair_monsters, david_orc_4, nzn_sisyphean_effort
D:12:     layout_grid_maze, portal_ice_cave_entry_ice_simulacra, drop_trap
D:13:     minmay_quarter_circles, layout_rooms,
          lightli_vaults_fourway_checkpoint, gauntlet_entry_generic
D:14:     layout_stronghold, minmay_misc_feat_nine_boxes, uniq_kirke
D:15:     grunt_enter_depths_magical_seal, layout_basic,
          nicolae_dithmenos_shadow_blocks, maelrawn_ghost_gauntlet_escape,
          nicolae_ashenzari_skybound
Lair:1:   layout_cave_shapes, special_room [special_room_bee],
          cheibrodos_lair_reptile_den
Lair:2:   layout_small_grid, gammafunk_ghost_split
Lair:3:   layout_gridlike, minmay_shoals_entry_lonely_mermaid,
          guppyfry_snake_entry_island, infiniplex_staircase_pool
Lair:4:   layout_cave_shapes, serial_bayou_shore_a
Lair:5:   layout_roguey, slime_altar_1, enter_volcano_2, nzn_ghost_randoct,
          infiniplex_staircase_pool_2, uniq_nessos
Lair:6:   minmay_lair_end_enchanted_forest, layout_regular_city
Shoals:1: layout_shoals, serial_shops, shop, nzn_prometheus_bound
Shoals:2: layout_shoals, nicolae_shoals_lost_giant_amphitheater
Shoals:3: layout_shoals
Shoals:4: shoals_end_grunt_ice, layout_shoals, serial_shops,
          nicolae_diamond_shop, nicolae_shoals_water_booths
Snake:1:  layout_gridlike, nicolae_large_snake_swirl, uniq_aizul
Snake:2:  cheibrodos_snake_lava_hold, layout_concentric_octagons,
          serial_bayou_shore_b
Snake:3:  layout_gridlike, serial_shops, shop, lightli_airlock
Snake:4:  hellmonk_snake_rune_quicksilver_temple, layout_layer_cave,
          grunt_megastairs_5
Orc:1:    layout_diamond_mine
Orc:2:    pf_orc_diabolical, layout_caves, serial_shops, shop, uniq_sonja
Elf:1:    eino_elf_arrival_customs, layout_loops_corners, enter_trove_0,
          minmay_elf_sorcery, uniq_asterion
Elf:2:    elven_hall_of_blades_hangedman_original
          [nicolae_vaults_blade_armed_guards], layout_gridlike, basic_altar
Elf:3:    elf_hall, layout_gridlike, dilly_guarded_unrand_elemental_staff,
          minmay_shop_star
Vaults:1: ontoclasm_vaults_chip, ontoclasm_vaults_ligature,
          ontoclasm_vaults_shuriken, v_pattern_5, vaults_room_pool,
          nicolae_vaults_asterisk, layout_vaults_omnigrid
Vaults:2: ontoclasm_vaults_fault, v_misc_1, ontoclasm_vaults_twist,
          v_alt_pattern_4, vaults_room_grid, vaults_room_corners,
          vaults_room_grunt_arrival_checkpoint, dpeg_vaults_monster_box,
          nicolae_vaults_mini_display_case, nicolae_vaults_murderbox, v_rooms_1,
          nicolae_vaults_little_squares_5, ontoclasm_vaults_pinch,
          nicolae_vaults_theta, layout_vaults_ring, serial_shops,
          nicolae_shop_overgrown_old_shop, uniq_mennas
Vaults:3: st_octagons_1, minmay_crypt_entry_vampire_xt, hangedman_vaults_pinch,
          v_alt_pattern_6, v_misc_9, layout_vaults_chaotic_city, serial_shops,
          nicolae_shop_trees
Vaults:4: vaults_room_pool, hangedman_vaults_stretched_pinwheel,
          hangedman_vaults_stitches, v_pattern_2, vaults_room_pool, v_misc_10,
          hangedman_vaults_corner_blocks, ontoclasm_vaults_bender,
          vaults_dpeg_spiral, v_rooms_2, vaults_room_ringed_pool,
          vaults_mumra_minichess, vaults_standard_mumra_x,
          layout_vaults_maze_snakey, serial_shops, bzr_entry_islet, uniq_donald
Vaults:5

Skill      XL: |  1  2  3  4  5  6  7  8  9 10 11 12 13 14 15 16 17 18 19 20 21 22 |
---------------+-------------------------------------------------------------------+-----
Fighting       | 4 5 6 8 9 10 11 12 13 14 15 16 17 18 19 20 | 20.5
Long Blades    | 4 5 |  5.2
Stealth        | 2 |  2.0
Armour         | 1 2 3 5 7 8 10 11 12 13 14 15 16 17 18 19 20 | 20.0
Invocations    | 3 6 8 10 12 13 14 15 16 17 18 19 20 21 | 21.9
Axes           | 1 6 9 11 13 15 16 18 19 20 21 22 | 22.2
Shields        | 3 6 8 9 11 12 13 14 15 | 15.8
Evocations     | 2 4 6 7 8 9 10 | 10.3
Staves         | 4 7 9 10 11 | 11.6
Dodging        | 5 7 |  7.1

Action                   |  1- 3 |  4- 6 |  7- 9 | 10-12 | 13-15 | 16-18 | 19-21 | 22-24 || total
-------------------------+-------+-------+-------+-------+-------+-------+-------+-------++-------
Melee: Falchion          |    61 |   132 |   328 |       |       |       |       |       ||   521
       Headbutt          |     9 |    30 |    76 |   213 |   329 |   341 |   475 |    98 ||  1571
       Punch             |     1 |     2 |     6 |    10 |     2 |       |       |       ||    21
       Battleaxe         |       |       |    16 |    34 |       |       |       |       ||    50
       Hand axe          |       |       |       |   668 |   190 |       |       |       ||   858
       War axe           |       |       |       |       |   998 |   569 |   926 |   254 ||  2747
       Unarmed           |       |       |       |       |    10 |       |       |       ||    10
       Broad axe         |       |       |       |       |       |   738 |   616 |       ||  1354
Throw: Dart              |       |       |       |     5 |       |       |       |       ||     5
       Throwing net      |       |       |       |     1 |       |       |       |       ||     1
Evoke: Wand              |       |       |     3 |    21 |    31 |     1 |     1 |       ||    57
       Condenser vane    |       |       |       |       |       |       |       |     1 ||     1
  Use: Potion            |       |     2 |     2 |     1 |     7 |     1 |    12 |     5 ||    30
       Scroll            |       |       |     5 |     7 |     9 |     4 |    18 |     5 ||    48
 Stab: Sleeping          |     3 |     2 |       |       |       |       |       |       ||     5
       Distracted        |     1 |       |       |       |     1 |       |       |       ||     2
       Held in net/web   |       |       |       |       |       |       |     1 |       ||     1
Armor: Robe              |     6 |     1 |       |       |       |       |       |       ||     7
       Chain mail        |       |    55 |   205 |    37 |       |    42 |   400 |   174 ||   913
       Plate armour      |       |       |       |   332 |   479 |   209 |       |       ||  1020
Dodge: Dodged            |    33 |    56 |   141 |   333 |   369 |   165 |   272 |    94 ||  1463
       Repelled          |       |       |       |     1 |     6 |    22 |    16 |     2 ||    47
Block: Other             |       |    12 |    75 |   169 |    43 |     3 |       |       ||   302
       Kite shield       |       |       |       |       |  1240 |  1265 |  1747 |   364 ||  4616
       Reflection        |       |       |       |       |    49 |   126 |   193 |     9 ||   377

Table legend: (Time is in decaauts)
 A = Elapsed time spent in this place.
 B = Non-inter-level travel time spent in this place.
 C = Inter-level travel time spent in this place.
 D = Time resting spent in this place.
 E = Time spent auto-exploring this place.
 F = Levels seen in this place.
 G = Mean time per level.
                   A        B        C        D        E       F      G
               +--------+--------+--------+--------+--------+-----+--------+
         Total |  61947 |  58114 |   3833 |  12618 |  33768 |  43 | 1440.6 |
       Dungeon |  25311 |  23330 |   1981 |   6422 |  12315 |  15 | 1687.4 |
          Lair |   6011 |   5509 |    502 |     42 |   4539 |   6 | 1001.8 |
        Shoals |   4335 |   4131 |    204 |    659 |   2693 |   4 | 1083.8 |
     Snake Pit |   5938 |   5732 |    206 |    952 |   3719 |   4 | 1484.5 |
  Orcish Mines |   3213 |   2790 |    423 |    912 |   1337 |   2 | 1606.5 |
   Elven Halls |   7695 |   7426 |    269 |   2062 |   3973 |   3 | 2565.0 |
        Vaults |   5966 |   5719 |    247 |    488 |   3918 |   5 | 1193.2 |
        Bazaar |     31 |     31 |      0 |      0 |     17 |   1 |   31.0 |
      Ice Cave |   1813 |   1813 |      0 |    742 |    634 |   1 | 1813.0 |
       Volcano |    335 |    335 |      0 |      0 |    157 |   1 |  335.0 |
      Gauntlet |   1293 |   1293 |      0 |    335 |    465 |   1 | 1293.0 |
               +--------+--------+--------+--------+--------+-----+--------+

Top non-repeatable levels by time:
   Elf:2: 3924 daAuts
    D:14: 2959 daAuts
     D:9: 2549 daAuts
     D:8: 2466 daAuts
    D:11: 2188 daAuts
     D:7: 2181 daAuts
    D:10: 2067 daAuts
   Elf:3: 2046 daAuts
 Snake:4: 1933 daAuts
   IceCv: 1813 daAuts
   Orc:2: 1797 daAuts
     D:6: 1772 daAuts
   Elf:1: 1724 daAuts
Vaults:1: 1600 daAuts
Vaults:4: 1597 daAuts
